Map: Dédale EC

Players

HoldTheDoor - Winner!

  • Race: Protoss Protoss
  • League: Diamond
  • Spawn Location: 7:00

Mazec

  • Race: Terran Terran
  • League: Diamond
  • Spawn Location: 1:00

VOD

Have the link to the VOD?

Description

Time

  • Played on: July 12, 2018, 11:04 a.m.
  • Length: 11:16
Show
View Real Time Build Order
Export as new Build Order

HoldTheDoor Protoss - Winner!

Build Orders: Colossus Rush 

Get SALT Encoding   

  12  0:02  Probe  
  13  0:14  Probe  
  13  0:18  Pylon  
  14  0:26  Probe  
  15  0:37  Gateway  
  15  0:38  Probe  
  16  0:46  Assimilator, Probe  
  16  0:54  Assimilator  
  16  0:55  Probe  
  18  1:06  Gateway  
  18  1:13  Probe  
  19  1:25  Cybernetics Core, Probe  
  20  1:33  Pylon  
  20  1:44  Pylon  
  19  1:47  Probe  
  20  1:59  Probe  
  21  2:01  Stalker x2  
  25  2:09  Warp Gate  
  25  2:11  Probe  
  25  2:12  Pylon  
  26  2:23  Probe  
  27  2:31  Adept  
  27  2:32  Adept  
  31  2:37  Probe  
  32  2:49  Probe, Pylon  
  33  2:53  Robotics Facility  
  33  3:01  Probe  
  34  3:14  Probe, Pylon  
  35  3:30  Nexus  
  35  3:33  Probe  
  36  3:43  Observer  
  36  3:45  Probe  
  38  3:57  Probe  
  39  4:03  Pylon  
  39  4:04  Immortal  
  39  4:09  Probe  
  44  4:19  Robotics Bay  
  44  4:21  Probe  
  45  4:33  Probe  
  45  4:36  Pylon  
  46  4:41  Stalker x2  
  46  4:43  Probe  
  51  4:45  Probe  
  51  4:52  Immortal  
  56  5:02  Probe x2  
  56  5:05  Assimilator  
  58  5:14  Extended Thermal Lance, Probe  
  58  5:19  Stalker  
  58  5:20  Stalker  
  63  5:25  Probe  
  63  5:26  Pylon  
  64  5:29  Probe  
  64  5:30  Colossus  
  65  5:37  Probe  
  65  5:39  Assimilator  
  65  5:41  Probe  
  74  5:50  Probe  
  74  5:53  Probe  
  75  6:02  Probe  
  76  6:05  Probe  
  76  6:07  Forge  
  76  6:08  Forge  
  76  6:10  Pylon  
  77  6:14  Probe  
  77  6:17  Probe  
  79  6:20  Pylon  
  79  6:23  Protoss Ground Armor Level 1, Protoss Shields Level 1  
  79  6:26  Probe  
  79  6:29  Probe  
  73  6:33  Zealot x2  
  77  6:52  Gateway  
  77  6:54  Gateway  
  77  6:56  Gateway  
  77  6:57  Stalker, Gateway  
  77  6:58  Stalker  
  81  7:20  Stalker  
  81  7:21  Stalker  
  85  7:24  Probe x2  
  85  7:29  Colossus  
  87  7:34  Twilight Council  
  87  7:37  Pylon  
  87  7:39  Pylon  
  93  7:50  Pylon  
  93  7:57  Probe  
  93  7:58  Probe  
  95  8:02  Pylon  
  95  8:08  Stalker x2, Pylon  
  95  8:09  Protoss Ground Armor Level 2, Protoss Ground Weapons Level 1  
  95  8:12  Charge  
  99  8:22  Colossus  
  105  8:31  Probe x2  
  107  8:41  Stalker  
  107  8:42  Stalker x4, Pylon  
  107  8:43  Stalker  
  103  9:21  Probe  
  103  9:22  Probe  
  105  9:33  Probe  
  105  9:34  Nexus, Probe  
  105  9:36  Pylon  
  107  9:40  Pylon  
  107  9:45  Photon Cannon  
  107  9:46  Probe, Photon Cannon  
  107  9:48  Photon Cannon  
  106  9:58  Stalker x3  
  106  10:36  Stalker x4  
  106  10:37  Stalker x2  
  106  10:42  Photon Cannon  
  118  10:48  Photon Cannon  
  118  10:50  Assimilator, Pylon  
  118  10:54  Assimilator  
Show
View Real Time Build Order
Export as new Build Order

Mazec Terran 

Build Orders: Reaper Expand, MMM Bio 

Get SALT Encoding   

  12  0:01  SCV  
  13  0:13  SCV  
  14  0:17  Supply Depot  
  14  0:25  SCV  
  15  0:29  Refinery  
  15  0:38  SCV  
  16  0:45  Barracks  
  16  0:50  SCV  
  17  1:03  SCV  
  18  1:15  SCV  
  19  1:31  Reaper  
  19  1:32  Orbital Command  
  20  1:48  Command Center  
  20  2:02  Barracks  
  20  2:10  SCV  
  21  2:18  Supply Depot  
  21  2:21  Barracks Reactor  
  21  2:32  Barracks  
  21  2:35  SCV  
  22  2:51  Marine, Bunker  
  22  2:56  SCV  
  22  2:57  Marine x2  
  26  3:08  SCV  
  26  3:09  Marine  
  26  3:10  Orbital Command  
  27  3:24  SCV, Marine  
  27  3:25  Marine x2  
  31  3:30  Barracks Tech Lab  
  31  3:34  Engineering Bay  
  31  3:37  Refinery  
  31  3:39  SCV x2  
  33  3:46  Marine, Barracks Tech Lab  
  34  3:49  Marine  
  34  3:51  Marine  
  36  3:59  SCV x2  
  36  4:02  Stimpack  
  38  4:11  Terran Infantry Weapons Level 1  
  38  4:12  SCV  
  38  4:15  Combat Shields  
  39  4:21  SCV, Marine  
  41  4:24  Marine  
  41  4:29  Marine x2  
  42  4:39  Marine  
  42  4:42  Marine  
  42  4:43  SCV x2  
  45  4:47  Marine  
  46  4:54  Supply Depot  
  46  4:55  Marine  
  46  4:56  SCV x2  
  46  4:58  Supply Depot  
  49  5:07  Factory  
  49  5:09  SCV  
  49  5:10  SCV, Marine  
  52  5:15  Marine x2  
  52  5:16  Marine  
  55  5:21  SCV  
  55  5:26  SCV  
  55  5:27  Supply Depot  
  57  5:32  Marine  
  57  5:33  Marine x2  
  57  5:34  SCV, Concussive Shells  
  61  5:46  Marine  
  62  5:50  Marine, Refinery  
  62  5:51  Refinery  
  62  5:52  Supply Depot, Marine  
  62  5:54  Marine  
  65  6:02  Factory Reactor  
  65  6:05  Terran Infantry Armor Level 1  
  65  6:06  Starport  
  65  6:12  SCV x2  
  67  6:20  Barracks  
  67  6:21  Barracks  
  58  6:50  Marine  
  58  6:51  Marauder x2, Marine, Factory Reactor  
  64  6:57  Engineering Bay  
  64  6:58  Armory  
  64  7:01  Command Center  
  64  7:02  SCV x2  
  66  7:08  Marine  
  67  7:16  Barracks Reactor x2  
  67  7:18  Barracks  
  67  7:20  Barracks  
  67  7:28  SCV x2  
  67  7:29  Medivac  
  71  7:30  Supply Depot x2  
  71  7:32  Medivac  
  73  7:47  Marine x3  
  73  7:50  Marauder  
  78  7:58  Terran Infantry Weapons Level 2  
  78  7:59  Medivac  
  78  8:02  Medivac  
  78  8:03  Terran Infantry Armor Level 2  
  82  8:14  Marauder x2  
  82  8:15  Barracks Tech Lab  
  82  8:16  Barracks Reactor  
  86  8:29  SCV x2  
  88  8:36  Marauder  
  88  8:40  Refinery  
  90  8:43  Refinery  
  90  8:47  Marauder x2, Command Center  
  91  9:07  Marauder, Marine x6  
  91  9:08  Marauder x2, Marine  
  94  9:20  Medivac  
  94  9:21  Medivac  
  93  9:24  Orbital Command  
  93  9:25  SCV x2  
  93  9:37  SCV x2  
  95  9:44  Marauder  
  95  9:45  Marauder, Marine  
  81  9:49  SCV  
  81  9:50  Medivac x2  
  76  10:06  Marauder x2  
  80  10:13  Marauder, Marine x8  
  86  10:27  Marauder, Marine  
  81  10:31  Marine x7  
  81  10:34  Marauder  
  82  10:45  Marauder  
Tags
 
Composition
MMM Bio
Matchup
PvT
Spawn Locations
Cross Positions
Add a new tag
Caveats
  • Supply blocks, unpowered buildings, or Contaminate may cause inaccurate times.
  • Supply counts are checked every 10 seconds.